 Dungeon Crawl Stone Soup version 0.30-a0-218-gedb9141078 (webtiles) character file.

Game seed: 16362792947414871661

35 IdlyInterested the Twirler (level 3, 0/28 HPs)
             Began as a Demonspawn Wanderer on Oct 5, 2022.
             Slain by a goblin
             ... wielding a +0 club
             ... led by Robin
              (2 damage)
             ... on level 2 of the Dungeon.
             The game lasted 00:04:06 (778 turns).

IdlyInterested the Twirler (Demonspawn Wanderer)     Turns: 778, Time: 00:04:07

Health: 0/28       AC:  4    Str: 13    XL:     3   Next: 16%
Magic:  3/3        EV: 11    Int: 10    God:
Gold:   76         SH:  0    Dex: 16    Spells: 2/2 levels left

rFire   . . .      SeeInvis .    a - +2 quarterstaff
rCold   . . .      Faith    .    (shield currently unavailable)
rNeg    . . .      Spirit   .    e - +0 leather armour
rPois   .          Reflect  .    c - +0 helmet
rElec   .          Harm     .    (no cloak)
rCorr   .          Rampage  .    (no gloves)
Will    .....                    (no boots)
Stlth   ++........               (no amulet)
HPRegen 0.24/turn                (no ring)
MPRegen 0.08/turn                (no ring)

@: mighty, on berserk cooldown, slowed, very slow
A: hooves 1
a: no special abilities


You were on level 2 of the Dungeon.
You visited 1 branch of the dungeon, and saw 2 of its levels.

You collected 76 gold pieces.

Inventory:

Hand Weapons
 a - a +2 quarterstaff (weapon)
 b - a +0 hand axe
 j - a +0 short sword
Missiles
 k - 3 stones (quivered)
Armour
 c - a +0 helmet (worn)
 e - a +0 leather armour (worn)
 l - a +0 helmet
Scrolls
 f - 3 scrolls of identify {unknown}
 g - a scroll of vulnerability {unknown}
 i - a scroll of amnesia {unknown}


   Skills:
 + Level 2.6 Fighting
 - Level 1.7 Axes
 + Level 3.9 Staves
 + Level 0.0 Throwing
 - Level 1.0 Armour
 - Level 1.0 Dodging
 - Level 1.0 Stealth
 - Level 1.0 Evocations


You had 2 spell levels left.
You didn't know any spells.
Your spell library was empty.

Dungeon Overview and Level Annotations

Branches:
Dungeon (2/15)

Altars:


Innate Abilities, Weirdness & Mutations

You have large cloven feet.


Message History

The goblin hits you but does no damage.
You thump the goblin!
You kill the goblin!
The goblin no longer looks unusually strong.
The goblins go into a battle-frenzy!
The goblin closely misses you.
You closely miss the hobgoblin. Your kick misses the hobgoblin.
The goblin closely misses you. The hobgoblin closely misses you.
You thump the hobgoblin!
You kill the hobgoblin!
You closely miss the goblin. The goblin barely misses you.
You barely miss the goblin. You kick the goblin.
You kill the goblin!
Something throws the goblin at you! The goblin hits you but does no damage.
The goblin hits you with a +0 dagger.
You closely miss the goblin. The goblin barely misses you. x2
You sock the goblin!
You kill the goblin!
Training target 1.0 for Evocations reached!
Your Evocations skill increases to level 1!
You barely miss the goblin. Your kick misses the goblin.
The goblin hits you with a +0 club.
* * * LOW HITPOINT WARNING * * *
You miss something. Your kick misses something.
The goblin hits you with a +0 club.
* * * LOW HITPOINT WARNING * * *
You hit something. Something hits you but does no damage.
The goblin hits you with a +0 club.
* * * LOW HITPOINT WARNING * * *
You sock something! Your kick misses something. You completely miss something.
Your kick misses something.
You are no longer berserk.
You are exhausted.
You feel yourself slow down. The goblin barely misses you.
Something hits you but does no damage.
You sock something!
Reactivating autopickup.
You feel a bit more experienced. The goblin hits you but does no damage.
The goblin hits you with a +0 club.
You die...

#.# #.# #.#
#.# #.# #.#
#g# #@# #g#
#<#
#gg..........
#g#.#.........
#. .....#####
# ##...##
##.## #.#


You could see 2 goblins.

Vanquished Creatures
  Robin (D:2)
  A dart slug (D:1)
  A worm (D:1)
  2 giant cockroaches (D:1)
  10 goblins
  4 hobgoblins
  3 kobolds (D:1)
  A quokka (D:1)
  A ball python (D:1)
  A frilled lizard (D:1)
  2 rats (D:1)
27 creatures vanquished.

Notes
Turn   | Place    | Note
-------+----------+-------------------------------------------
     0 | D:1      | IdlyInterested the Demonspawn Wanderer began the quest for
                  | the Orb.
     0 | D:1      | IdlyInterested set off with the following items: a +2
                  | quarterstaff, a +0 hand axe, a +0 helmet, a potion of
                  | berserk rage, a +0 leather armour.
     0 | D:1      | Reached XP level 1. HP: 16/16 MP: 1/1
   253 | D:1      | Reached skill level 1 in Armour
   253 | D:1      | Discovered your monstrous ancestry.
   253 | D:1      | Gained mutation: You have large cloven feet. [demonic
                  | ancestry]
   253 | D:1      | Reached XP level 2. HP: 21/22 MP: 2/2
   748 | D:2      | Noticed Robin
   762 | D:2      | Reached XP level 3. HP: 13/28 MP: 3/3
   773 | D:2      | Reached skill level 1 in Evocations
   775 | D:2      | HP: 2/42 [goblin/+0 club[Robin] (3)]
   778 | D:2      | Killed Robin
   778 | D:2      | Slain by a goblin

Illustrated notes

Levels and vault maps discovered:
D:1:      dpeg_arrival_connections, layout_basic, nicolae_wormholes
D:2:      layout_loops_corners, basic_altar, minmay_bisected, uniq_natasha,
          uniq_robin

Skill      XL: |  1  2  3 |
---------------+----------+-----
Armour         | 1 |  1.0
Evocations     | 1 |  1.0
Fighting       | |  2.6
Axes           | |  1.7
Staves         | |  3.9
Dodging        | |  1.0
Stealth        | |  1.0

Action                   || total
-------------------------++-------
Melee: Quarterstaff      ||    70
       Kick              ||    11
  Use: Potion            ||     2
 Stab: Sleeping          ||     3
Armor: Leather armour    ||    23
Dodge: Dodged            ||    41

Table legend: (Time is in decaauts)
 A = Elapsed time spent in this place.
 B = Non-inter-level travel time spent in this place.
 C = Inter-level travel time spent in this place.
 D = Time resting spent in this place.
 E = Time spent auto-exploring this place.
 F = Levels seen in this place.
 G = Mean time per level.
                   A        B        C        D        E       F      G
               +--------+--------+--------+--------+--------+-----+--------+
         Total |    780 |    744 |     36 |     35 |    486 |   2 |  390.0 |
       Dungeon |    780 |    744 |     36 |     35 |    486 |   2 |  390.0 |
               +--------+--------+--------+--------+--------+-----+--------+

Top non-repeatable levels by time:
     D:1: 752 daAuts
     D:2: 27 daAuts
